 Dungeon Crawl Stone Soup version 0.19-a0-1907-gcff654f (webtiles) character file.

38 Disciple the Conjurer (level 3, -3/26 HPs)
             Began as a Draconian Conjurer on Oct 22, 2016.
             Slain by a worm (4 damage)
             ... on level 2 of the Dungeon.
             The game lasted 00:02:59 (1613 turns).

Disciple the Conjurer (Draconian Conjurer)          Turns: 1613, Time: 00:02:59

Health: -3/26      AC:  5    Str: 10    XL:     3   Next: 25%
Magic:  0/6        EV: 12    Int: 16    God:
Gold:   62         SH:  0    Dex: 11    Spells: 1 memorised, 5 levels left

rFire  + . .     SeeInvis .     h - +0 short sword
rCold  . . .     Gourm    .     (armour unavailable)
rNeg   + . .     Faith    .     (no shield)
rPois  .         Spirit   .     (helmet restricted)
rElec  .         Reflect  .     (no cloak)
rCorr  .         Harm     .     (no gloves)
MR     .....                    (no boots)
Stlth  ++........               (no amulet)
                                k - ring of protection from fire
                                c - ring of positive energy

@: very slightly contaminated
A: unfitting armour, cold-blooded, AC +5
a: no special abilities


You were on level 2 of the Dungeon.
You were not hungry.

You visited 1 branch of the dungeon, and saw 2 of its levels.

You collected 62 gold pieces.

Inventory:

Hand Weapons
 e - a +0 dagger
 h - a +0 short sword (weapon)
Jewellery
 c - a ring of positive energy (left hand)
 k - a ring of protection from fire (right hand)
Wands
 o - a wand of confusion (8/48)
Scrolls
 i - 3 scrolls of teleportation {unknown}
 n - 3 scrolls of random uselessness {unknown}
Potions
 d - a potion of degeneration {unknown}
 f - a potion of curing {unknown}
 j - a potion of brilliance {unknown}
Books
 a - a book of Conjurations

   Spells                             Type                      Level
   a - Magic Dart                     Conjuration                  1
   b - Searing Ray                    Conjuration                  2
   c - Dazzling Spray                 Conjuration/Hexes            3
   d - Fulminant Prism                Conjuration/Hexes            4
   e - Iskenderun's Mystic Blast      Conjuration                  4
   f - Iskenderun's Battlesphere      Conjuration/Charms           5
Comestibles
 b - a bread ration
 g - 2 meat rations
 l - 4 chunks of flesh
 m - a slice of pizza


   Skills:
 - Level 1.7 Dodging
 - Level 1.7 Stealth
 - Level 2.0 Spellcasting
 + Level 5.1 Conjurations


You had 5 spell levels left.
You knew the following spells:

 Your Spells              Type           Power        Failure   Level  Hunger
a - Magic Dart            Conj           ###.         2%          1    #......


Dungeon Overview and Level Annotations

Branches:
Dungeon (2/15)

Altars:


Innate Abilities, Weirdness & Mutations

Your plain brown scales are hard. (AC +5)
You cannot fit into any form of body armour.
You are cold-blooded and may be slowed by cold attacks.


Message History

You hit the worm.
The worm is severely wounded.
You hit the worm.
The worm is almost dead.
The worm bites you!
* * * LOW HITPOINT WARNING * * *
You hit the worm.
The worm is almost dead.
The worm completely misses you.
You hit the worm but do no damage.
Your tail-slap misses the worm.
The worm is almost dead.
Casting: Magic Dart
Confirm with . or Enter, or press ? or * to list all spells.
Aiming: Magic Dart
Press: ? - help, Shift-Dir - straight line, f/p - worm
Aim: a worm (almost dead)
The magic dart hits the worm.
The worm is almost dead.
The worm bites you.
You die...

######### ##
#...#.#.### ...
..#...#...# #..
#.#.#...#.#
#...#.#.#...#.#
#..w#...#...#
#.@.#.#.#.#######
#########........
###...########
##...........#
#......#####รท#
...#.#.## #.#####
##...>.# #......
#.#####
####...... #.
#..).)....


You could see a worm.

Vanquished Creatures
  A worm (D:2)
  2 dart slugs (D:1)
  A ball python (D:1)
  A bat (D:1)
  A giant cockroach (D:2)
  3 goblins
  3 hobgoblins
  2 jackals (D:1)
  6 kobolds
  5 frilled lizards
  7 rats
32 creatures vanquished.

Notes
Turn   | Place    | Note
-------+----------+-------------------------------------------
     0 | D:1      | Disciple the Draconian Conjurer began the quest for the Orb.
     0 | D:1      | Reached XP level 1. HP: 14/14 MP: 3/3
   196 | D:1      | Reached XP level 2. HP: 14/20 MP: 0/5
  1332 | D:2      | Reached skill level 5 in Conjurations
  1332 | D:2      | Reached XP level 3. HP: 16/26 MP: 6/6
  1610 | D:2      | HP: 1/26 [worm (7)]
  1613 | D:2      | Slain by a worm

Vault maps used:
D:1:      eino_arrival_cavern_e
D:2:      ecumenical_altar_2, minmay_misc_feat_alley

Skill      XL: |  1  2 |
---------------+-------+-----
Conjurations   | 5 |  5.1
Dodging        | |  1.7
Stealth        | |  1.7
Spellcasting   | |  2.0

Action                   || total
-------------------------++-------
Melee: Dagger            ||    13
       Unarmed           ||     6
       Tailslap          ||     7
       Short sword       ||    57
 Cast: Magic Dart        ||    27
 Stab: Sleeping          ||     3
  Eat: Chunk             ||     3
Armor: Skin              ||    15
Dodge: Dodged            ||    51
